 Dungeon Crawl Stone Soup version 0.31-a0-45-g5f0c076935 (webtiles) character file.

Game seed: 12505026159555496415

219 Flugkiller the Stinger (level 5, -1/36 HPs)
             Began as an Octopode Transmuter on May 21, 2023.
             Slain by a sleepcap (9 damage)
             ... on level 4 of the Dungeon.
             The game lasted 00:10:03 (3843 turns).

Flugkiller the Stinger (Octopode Transmuter)        Turns: 3843, Time: 00:10:04

Health: -1/36      AC:  1    Str:  9    XL:     5   Next: 96%
Magic:  8/8        EV: 13    Int: 17    God:
Gold:   119        SH:  0    Dex: 13    Spells: 2/8 levels left

rFire   . .          .
                       - Unarmed
rCold   . . .        (no shield)
rNeg    + . .        (helmet restricted)
rPois   .            (no amulet)
rElec   .            i - ring of see invisible
rCorr   .            t - ring of positive energy
SInv    +            (no ring)
Will    .....        (no ring)
Stlth   +++          (no ring)
HPRegen 0.26/turn    (no ring)
MPRegen 0.11/turn    (no ring)
                     (no ring)

%: no passive effects
@: no status effects
A: almost no armour, amphibious, 8 rings, camouflage 1, gelatinous body 1,
(nimble swimmer 1), tentacles
a: no special abilities


You were on level 4 of the Dungeon.
You visited 1 branch of the dungeon, and saw 4 of its levels.

You collected 119 gold pieces.

Inventory:

Hand Weapons
 b - a +0 dagger
   (You took it off a goblin on level 1 of the Dungeon)
 l - a +0 short sword of flaming
   (You took it off a kobold on level 2 of the Dungeon)
Missiles
 c - 3 javelins
 j - 10 poisoned darts (quivered)
Jewellery
 i - a ring of see invisible (left tentacle)
   (You found it on level 2 of the Dungeon)
 t - a ring of positive energy (right tentacle)
   (You took it off a kobold on level 3 of the Dungeon)
Scrolls
 d - a scroll of fog
 f - a scroll of poison
 h - a scroll of enchant weapon {unknown}
 m - a scroll of enchant armour
 n - a scroll of amnesia {unknown}
 o - a scroll of vulnerability {unknown}
 p - a scroll of teleportation {unknown}
 s - a scroll of magic mapping {unknown}
 u - a scroll of silence {unknown}
Potions
 a - a potion of lignification
 e - 2 potions of brilliance
 g - 2 potions of degeneration {unknown}
 k - a potion of ambrosia {unknown}
 q - 2 potions of curing
 r - a potion of haste {unknown}
 v - a potion of flight {unknown}


   Skills:
 + Level 2.8 Fighting
 - Level 2.0 Dodging
 - Level 2.0 Stealth
 + Level 3.6 Unarmed Combat
 - Level 2.0 Spellcasting
 - Level 3.0 Transmutations
 + Level 3.9 Poison Magic


You had 2 spell levels left.
You knew the following spells:

 Your Spells              Type           Power      Damage    Failure   Level
a - Beastly Appendage     Tmut           22%        N/A       5%          1
b - Wereblood             Tmut           11%        N/A       9%          2
c - Spider Form           Tmut/Pois      13%        N/A       14%         3

Your spell library contained the following spells:

 Spells                   Type           Power      Damage    Failure   Level
 Summon Small Mammal      Summ           4%         N/A       19%         1
 Call Canine Familiar     Summ           1%         N/A       50%         3
 Summon Guardian Golem    Hex/Summ       1%         N/A       50%         3
 Ice Form                 Ice/Tmut       6%         N/A       71%         4
 Animate Dead             Necr           1%         N/A       88%         4
 Haunt                    Necr/Summ      0%         N/A       100%        7
 Infestation              Necr           0%         N/A       100%        8


Dungeon Overview and Level Annotations

Branches:
Dungeon (4/15) Zot: 20164
 Temple: D:4-7

Altars:
Ashenzari
Kikubaaqudgha
Xom

Annotations:
D:2 exclusion: upstairs
D:3 exclusion: quokka, Sigmund


Innate Abilities, Weirdness & Mutations

You cannot wear most types of armour.
You are amphibious.
You can wear up to eight rings at the same time.
Your skin changes colour to match your surroundings (Stealth+).
Your rubbery body absorbs attacks. (AC +1, EV +1)
((You are camouflaged when in or above water. (Stealth+)))
You have tentacles for arms and can constrict up to eight enemies at once.


Message History

One of your tentacles grows a vicious spike.
The scorpion stings you!
You tentacle-slap the scorpion but do no damage.
Your grab misses the scorpion.
Your tentacle spike misses the scorpion.
You squeeze the scorpion, but do no damage.
The scorpion is lightly wounded.
The scorpion stings you.
You are poisoned.
The scorpion poisons you!
You completely miss the scorpion. You grab the scorpion.
You pierce the scorpion.
The scorpion is moderately wounded.
You constrict the scorpion.
You feel sick. The scorpion stings you!
* * * LOW HITPOINT WARNING * * *
You are lethally poisoned!
The scorpion poisons you!
You feel better.
You constrict the scorpion, but do no damage.
The scorpion closely misses you.
You tentacle-slap the scorpion. You squeeze the scorpion.
The scorpion is severely wounded.
You constrict the scorpion. The scorpion closely misses you.
You tentacle-slap the scorpion but do no damage.
The scorpion is severely wounded.
You constrict the scorpion. The scorpion barely misses you.
You tentacle-slap the scorpion but do no damage.
The scorpion is almost dead.
You constrict the scorpion.
You kill the scorpion!
u - a scroll labelled XUGYGESM GIGO
Okay, then.
You start resting.
Your transformation is almost over.
Your tentacle spike disappears.
HP restored.
Found a glowing yellow potion.
You see here a +0 flail.
Found a stone staircase leading down.
v - a glowing yellow potion
There is a stone staircase leading down here.
Found a robe.
You see here a +0 robe.
Found 6 datura-tipped darts and 3 poisoned darts.
A kobold comes into view. It is wielding a +0 short sword.
Found 5 stones.
You see here 6 datura-tipped darts.
The helpless kobold fails to defend itself.
You tentacle-slap the kobold but do no damage.
Your grab misses the kobold. You squeeze the kobold.
You kill the kobold!
No target in view!
Things that are here:
a +0 short sword; 2 stones; a kobold corpse You see here 6 datura-tipped darts.
j - 10 poisoned darts (gained 3)
There are no items here.
Found a stone staircase leading up.
There is a stone staircase leading up here.
A sleepcap comes into view.
Found a dagger.
You tentacle-slap the sleepcap but do no damage.
You grab the sleepcap.
You constrict the sleepcap, but do no damage.
The sleepcap barely misses you.
You completely miss the sleepcap. You constrict the sleepcap.
The sleepcap releases spores at you!
You tentacle-slap the sleepcap but do no damage.
The sleepcap is lightly damaged.
You constrict the sleepcap. The sleepcap releases spores at you.
You tentacle-slap the sleepcap. You squeeze the sleepcap.
The sleepcap is moderately damaged.
You constrict the sleepcap. The sleepcap releases spores at you.
You are engulfed in a cloud of soporific spores!
You fall asleep.
You lose your grip on the sleepcap.
The sleepcap releases spores at you!
You wake up.
You are engulfed in a cloud of soporific spores!
You are unaffected.
You tentacle-slap the sleepcap but do no damage.
You grab the sleepcap. You squeeze the sleepcap!
The sleepcap is severely damaged.
You constrict the sleepcap, but do no damage.
The sleepcap releases spores at you.
* * * LOW HITPOINT WARNING * * *
You are engulfed in a cloud of soporific spores!
You are unaffected.
Unknown command.
You tentacle-slap the sleepcap but do no damage.
You tentacle-slap the sleepcap, but do no damage.
The sleepcap is severely damaged.
You constrict the sleepcap. The sleepcap releases spores at you.
* * * LOW HITPOINT WARNING * * *
You are engulfed in a cloud of soporific spores!
You are unaffected.
Unknown command.
You tentacle-slap the sleepcap.
The sleepcap is severely damaged.
You constrict the sleepcap. The sleepcap releases spores at you!
You die...

#########
........#############
.######.......<.....#
.##.......######@##.#
.##.####### #f# .##(#
... .##)# ##)##
.##(###### #.# .#
........... #.# .#
.##.####### #.# .#
....# #.# .# .####
#.##.##


You could see a sleepcap.

Vanquished Creatures
  A scorpion (D:4)
  A jelly (D:3)
  6 adders
  5 dart slugs
  An orc (D:3)
  2 bats (D:2)
  2 endoplasms
  6 giant cockroaches
  6 goblins
  3 hobgoblins
  7 jackals (D:1)
  8 kobolds
  2 quokkas
  7 ball pythons
  A frilled lizard (D:2)
  5 rats
63 creatures vanquished.

Notes
Turn   | Place    | Note
-------+----------+-------------------------------------------
     0 | D:1      | Flugkiller the Octopode Transmuter began the quest for the
                  | Orb.
     0 | D:1      | Reached XP level 1. HP: 13/13 MP: 3/3
   115 | D:1      | Reached skill level 1 in Stealth
   123 | D:1      | Reached XP level 2. HP: 12/18 MP: 5/5
   164 | D:1      | Learned a level 2 spell: Wereblood
   684 | D:1      | Reached XP level 3. HP: 16/24 MP: 4/6
   820 | D:1      | Learned a level 3 spell: Spider Form
   838 | D:1      | Reached skill level 1 in Poison Magic
  1957 | D:2      | Reached XP level 4. HP: 26/29 MP: 5/7
  2857 | D:3      | Noticed Sigmund
  2995 | D:3      | Found a faded altar of an unknown god.
  3000 | D:3      | Found a broken altar of Ashenzari.
  3039 | D:3      | Reached XP level 5. HP: 29/34 MP: 6/8
  3579 | D:3      | Found an ancient bone altar of Kikubaaqudgha.
  3587 | D:3      | Found a shimmering altar of Xom.
  3843 | D:4      | Slain by a sleepcap

Illustrated notes

Levels and vault maps discovered:
D:1:      nicolae_arrival_somewhat_less_tricky_arrival, layout_basic,
          chequers_serial_rivers_small_a, minmay_worlds_worst_comb
D:2:      kennysheep_six_static_rooms, layout_basic
D:3:      layout_basic, nicolae_overflow_ecumenical_swirl,
          mainiacjoe_overflow_big_doors, minmay_misc_feat_pillars, minivault_25,
          grunt_ministairs_13, kennysheep_cross_room, nrook_loot_triangle,
          uniq_sigmund
D:4:      layout_loops_ring, old_standard_altar

Skill      XL: |  1  2  3  4 |
---------------+-------------+-----
Stealth        | 2 |  2.0
Poison Magic   | 2 3 |  3.9
Fighting       | 2 |  2.8
Transmutations | 3 |  3.0
Dodging        | |  2.0
Unarmed Combat | |  3.6
Spellcasting   | |  2.0

Action                     |  1- 3 |  4- 6 || total
---------------------------+-------+-------++-------
  Melee: Unarmed           |    78 |    67 ||   145
         Constrict         |    20 |    21 ||    41
         Kick              |    17 |    15 ||    32
         Tentacles         |    10 |    18 ||    28
         Punch             |     3 |     4 ||     7
  Throw: Dart              |       |     2 ||     2
   Cast: Beastly Appendage |    17 |    13 ||    30
    Use: Scroll            |     2 |     3 ||     5
         Potion            |       |     2 ||     2
   Stab: Sleeping          |     4 |    11 ||    15
 Armour: Skin              |     2 |     2 ||     4
  Dodge: Dodged            |    56 |    39 ||    95

Table legend: (Time is in decaauts)
 A = Elapsed time spent in this place.
 B = Non-inter-level travel time spent in this place.
 C = Inter-level travel time spent in this place.
 D = Time resting spent in this place.
 E = Time spent auto-exploring this place.
 F = Levels seen in this place.
 G = Mean time per level.
                   A        B        C        D        E       F      G
               +--------+--------+--------+--------+--------+-----+--------+
         Total |   3834 |   3435 |    399 |    887 |    999 |   4 |  958.5 |
       Dungeon |   3834 |   3435 |    399 |    887 |    999 |   4 |  958.5 |
               +--------+--------+--------+--------+--------+-----+--------+

Top non-repeatable levels by time:
     D:1: 1561 daAuts
     D:2: 1065 daAuts
     D:3: 1064 daAuts
     D:4: 142 daAuts
